Map: Ghost River LE

Players

jeannysu - Winner!

  • Race: Zerg Zerg
  • Spawn Location: 11:00

인공지능 칸 (정예)

  • Race: Terran Terran
  • Spawn Location: 1:00

VOD

Have the link to the VOD?

Description

Time

  • Played on: Oct. 1, 2025, 7:20 a.m.
  • Length: 10:53
Show
View Real Time Build Order
Export as new Build Order

jeannysu Zerg - Winner!

Build Orders: Hatch First 

Get SALT Encoding   

  12  0:00  Drone  
  13  0:07  Drone  
  14  0:15  Drone, Extractor  
  15  0:21  Overlord  
  15  0:45  Hatchery  
  15  0:46  Drone  
  15  0:51  Drone  
  15  0:53  Drone  
  17  1:02  Drone  
  18  1:05  Extractor  
  17  1:16  Spawning Pool  
  17  1:17  Drone  
  17  1:19  Drone  
  18  1:29  Drone  
  19  1:39  Drone  
  20  1:52  Overlord  
  20  2:02  Queen  
  20  2:03  Queen  
  20  2:04  Zergling x4  
  26  2:10  Drone  
  26  2:12  Metabolic Boost  
  27  2:18  Drone  
  27  2:19  Drone  
  30  2:22  Drone  
  30  2:35  Drone x2  
  32  2:41  Drone  
  32  2:42  Queen  
  35  2:44  Overlord  
  35  3:04  Overlord  
  35  3:05  Drone x2  
  37  3:07  Hatchery  
  36  3:15  Drone  
  36  3:16  Drone  
  36  3:18  Drone  
  39  3:34  Drone x2  
  39  3:35  Drone x2  
  39  3:36  Hatchery  
  39  3:37  Drone  
  39  3:40  Drone  
  44  3:52  Lair  
  44  3:58  Roach Warren  
  43  4:05  Evolution Chamber  
  43  4:06  Drone x8  
  43  4:07  Drone  
  51  4:18  Overlord x2  
  51  4:19  Overlord  
  52  4:31  Zergling x6  
  52  4:32  Zergling x8  
  52  4:36  Zerg Ground Armor Level 1  
  58  4:49  Drone  
  58  4:50  Drone x5, Queen  
  66  4:59  Zergling x4  
  68  5:08  Drone  
  68  5:09  Extractor  
  68  5:12  Extractor x2  
  66  5:15  Extractor  
  66  5:16  Extractor  
  64  5:28  Queen  
  64  5:31  Zergling x18  
  64  5:32  Zergling x4  
  77  5:39  Baneling Nest  
  76  5:43  Drone x4  
  76  5:46  Overlord x3  
  80  6:04  Zergling x2  
  80  6:05  Zergling x20  
  91  6:18  Drone x2  
  92  6:19  Drone x5  
  92  6:24  Drone  
  99  6:28  Centrifugal Hooks, Queen  
  99  6:31  Overlord x3  
  101  6:41  Queen  
  103  6:51  Drone x2  
  103  6:52  Drone x3  
  108  6:55  Drone x6  
  108  6:56  Drone x3  
  108  6:57  Overlord  
  108  7:01  Baneling x5  
  117  7:02  Baneling x7  
  117  7:03  Baneling x4  
  117  7:25  Drone  
  117  7:26  Drone x11  
  117  7:29  Overlord x2  
  129  7:35  Hatchery  
  129  7:36  Zergling x6  
  131  7:38  Baneling  
  131  7:39  Baneling x10  
  131  7:42  Zerg Ground Armor Level 2  
  131  7:48  Drone x5  
  131  7:49  Drone  
  137  7:52  Extractor  
  137  7:53  Extractor  
  135  8:07  Overlord x5  
  135  8:14  Evolution Chamber  
  122  8:31  Zergling x2  
  122  8:32  Zergling x38  
  127  8:50  Zergling x20  
  127  8:51  Zergling x4  
  139  8:57  Infestation Pit  
  138  9:09  Drone x5  
  146  9:10  Drone x3  
  146  9:11  Queen  
  146  9:12  Zergling x2  
  149  9:17  Baneling  
  149  9:18  Baneling x23  
  148  9:27  Pneumatized Carapace  
  148  9:36  Hive  
  136  9:53  Zergling x2  
  136  9:54  Zergling x42  
  136  9:59  Extractor  
  156  10:01  Extractor  
  153  10:17  Hatchery  
Show
View Real Time Build Order
Export as new Build Order

인공지능 칸 (정예) Terran 

Build Orders: 2 Factory, Mech 

Get SALT Encoding   

  12  0:00  SCV  
  13  0:13  SCV  
  14  0:18  Supply Depot  
  14  0:25  SCV  
  15  0:39  SCV  
  16  0:43  Barracks  
  16  0:52  SCV  
  17  1:04  SCV  
  18  1:16  Supply Depot, SCV  
  19  1:20  Refinery  
  19  1:28  SCV  
  19  1:29  Marine  
  21  1:40  SCV  
  22  1:47  Marine  
  22  1:49  Refinery  
  22  1:52  SCV  
  24  2:04  SCV  
  24  2:05  Marine  
  26  2:16  SCV  
  26  2:20  Factory  
  27  2:23  Marine  
  27  2:28  SCV  
  29  2:39  Factory  
  29  2:40  SCV  
  29  2:41  Marine  
  29  2:42  Supply Depot  
  31  2:54  Orbital Command  
  31  3:03  Marine  
  31  3:04  Factory Tech Lab  
  32  3:19  SCV  
  33  3:21  Marine  
  33  3:23  Command Center, Factory Tech Lab  
  34  3:31  SCV  
  35  3:43  SCV  
  36  3:55  SCV  
  37  4:00  Barracks  
  37  4:07  Supply Depot, SCV  
  38  4:19  SCV  
  39  4:28  Siege Tank x2  
  45  4:31  SCV  
  45  4:32  Supply Depot  
  45  4:35  Marine, SCV  
  48  4:43  Supply Depot, SCV  
  49  4:47  SCV  
  50  4:56  Barracks, SCV  
  50  4:59  SCV  
  52  5:00  Siege Tank x2  
  58  5:08  SCV  
  58  5:11  SCV  
  60  5:18  Barracks Tech Lab  
  60  5:20  SCV  
  61  5:22  Factory  
  61  5:24  Command Center  
  61  5:33  Hellion, Siege Tank  
  66  5:43  Armory  
  66  5:54  Hellion  
  68  5:58  Marine x2  
  68  5:59  Supply Depot  
  68  6:01  Marine  
  70  6:05  Hellion  
  70  6:09  Hellion  
  74  6:16  Hellion, Marine x2  
  78  6:21  Marine  
  79  6:26  Supply Depot  
  79  6:29  Hellion  
  79  6:31  Terran Vehicle And Ship Armor Level 1  
  81  6:34  Hellion, Marine x2  
  81  6:37  SCV  
  81  6:39  SCV  
  87  6:40  SCV  
  88  6:57  Hellion x2  
  88  6:58  Hellion  
  94  7:05  Supply Depot  
  94  7:06  Command Center  
  94  7:15  Stimpack  
  94  7:19  Marauder, Hellion x2  
  100  7:31  Supply Depot  
  101  7:37  Hellion  
  101  7:40  Marauder  
  101  7:42  Engineering Bay  
  103  8:00  Engineering Bay  
  103  8:02  Marauder  
  104  8:09  Terran Infantry Weapons Level 1  
  104  8:10  Refinery  
  104  8:16  Armory  
  104  8:17  Hellion  
  104  8:19  SCV  
  87  8:21  SCV  
  87  8:23  Marauder, SCV  
  87  8:25  Terran Infantry Armor Level 1, Terran Vehicle Weapons Level 1, SCV  
  92  8:29  Marine  
  92  8:31  SCV  
  92  8:33  SCV  
  73  8:35  Marine  
  66  8:42  Siege Tank  
  66  8:44  Marauder  
  66  8:47  Hellion, Marine  
  67  8:50  SCV  
  67  8:51  SCV  
  67  8:52  SCV  
  67  8:53  Marine, SCV  
  67  8:55  Combat Shield  
  72  8:59  Hellion  
  74  9:03  SCV x2  
  74  9:05  Marine, SCV  
  74  9:06  Marine  
  74  9:08  Hellion  
  74  9:09  SCV  
  82  9:11  Marine  
  82  9:14  Siege Tank  
  82  9:15  SCV  
  82  9:16  SCV  
  88  9:17  SCV  
  88  9:21  Hellion, SCV  
  88  9:23  Marine  
  93  9:26  Marine  
  93  9:27  SCV  
  93  9:28  Marine  
  93  9:29  Siege Tank, SCV  
  100  9:41  Marine  
  100  9:44  Marine  
  102  9:46  Marine, Siege Tank  
  102  9:52  Hellion  
  79  9:53  SCV  
  79  9:55  SCV  
  79  9:58  Marine, SCV  
  70  10:01  Marine  
  70  10:04  Marine  
  70  10:05  Hellion  
  70  10:06  SCV  
  72  10:07  SCV  
  65  10:20  Marauder  
  61  10:22  Marine  
  51  10:37  Command Center  
Tags
 
Composition
Mech
Matchup
TvZ
Replay Pack
새 폴더
Spawn Locations
Close Positions
Add a new tag
Caveats
  • Supply blocks, unpowered buildings, or Contaminate may cause inaccurate times.
  • Supply counts are checked every 10 seconds.